 Dungeon Crawl Stone Soup version 0.20.1-1-g8b1a95d (webtiles) character file.

100106 vineage the Fencer (level 15, -3/122 HPs)
             Began as a Demonspawn Gladiator on Aug 29, 2017.
             Was the Champion of Okawaru (penitent).
             Slain by a titan (4 damage)
             ... created by the fury of Okawaru
             ... on level 2 of the Swamp.
             The game lasted 01:25:37 (31592 turns).

vineage the Fencer (Demonspawn Gladiator)          Turns: 31592, Time: 01:25:39

Health: -3/122     AC: 39    Str: 28    XL:     15   Next: 79%
Magic:  0/16       EV: 11    Int: 13    God:    Okawaru [*]
Gold:   2331       SH:  0    Dex: 18    Spells: 14/14 levels left

rFire    . . .     SeeInvis +   L - +9 triple sword "Veecid" {slice, *Noise rElec MR+ Str+3}
rCold    + . .     Gourm    .   (shield currently unavailable)
rNeg     . . .     Faith    .   J - +10 plate armour "Liyt" {rC+ Stlth+}
rPois    +         Spirit   +   X - +2 hat {MR+}
rElec    +         Reflect  .   U - +1 cloak {rPois}
rCorr    +         Harm     .   B - +2 pair of gloves of Dice, Bag, and Bottle {Int+4 Dex+2}
MR       ++++.                  w - +1 pair of boots
Stlth    ..........             (no amulet)
Regen    0.3/turn               S - ring of protection from magic
MPRegen  0.3/turn               G - ring of resist corrosion

@: mighty, liquid flames, flying, hasted and slowed, glowing, drained
A: claws 1, horns 1, slimy green scales 3, see invisible, demonic guardian 2,
magic shield, magic regeneration
a: Renounce Religion


You were on level 2 of the Swamp.
You worshipped Okawaru.
Okawaru was demanding penance.
You were not hungry.

You visited 5 branches of the dungeon, and saw 26 of its levels.
You also visited: Labyrinth.

You collected 2499 gold pieces.
You spent 168 gold pieces at shops.

Inventory:

Hand Weapons
 d - the +6 triple sword "Zouraruk" {venom, *Drain rPois Dex+5}
   (Okawaru gifted it to you on level 4 of the Lair of Beasts)

   It poisons the flesh of those it strikes.
   It affects your dexterity (+5).
   It protects you from poison.
   It causes draining when unequipped.
 L - the +9 triple sword "Veecid" (weapon) {slice, *Noise rElec MR+ Str+3}
   (You took it off a minotaur in a labyrinth)

   It inflicts extra damage upon your enemies.
   It affects your strength (+3).
   It insulates you from electricity.
   It affects your resistance to hostile enchantments.
   It may make noises in combat.
Armour
 u - a +1 shield of reflection
 w - a +1 pair of boots (worn)
 B - the +2 pair of gloves of Dice, Bag, and Bottle (worn) {Int+4 Dex+2}
   (Okawaru gifted it to you on level 13 of the Dungeon)

   It affects your intelligence (+4).
   It affects your dexterity (+2).
 J - the +10 plate armour "Liyt" (worn) {rC+ Stlth+}
   (You took it off a minotaur in a labyrinth)

   It protects you from cold.
   It makes you more stealthy.
 U - a +1 cloak of poison resistance (worn)
 X - a +2 hat of magic resistance (worn)
Jewellery
 k - an uncursed amulet of harm
 l - an uncursed ring of positive energy
 t - a +2 ring of intelligence
 G - a ring of resist corrosion (right hand)
 S - a ring of protection from magic (left hand)
Wands
 h - a wand of flame (41/48)
 i - a wand of polymorph (12/24)
 n - a wand of digging (15/24)
 p - a wand of flame (16/48)
 r - a wand of confusion (32/48)
 v - a wand of digging (15/24)
 x - a wand of disintegration (6/24)
 A - a wand of iceblast (7/15)
 H - a wand of polymorph (19/24)
 M - a wand of disintegration (12/24)
 Q - a wand of paralysis (15/24)
 R - a wand of iceblast (5/15)
 V - a wand of acid (5/15)
Scrolls
 c - 8 scrolls of identify
 s - 8 scrolls of teleportation
 y - 2 scrolls of recharging
 C - 3 scrolls of magic mapping
 D - a scroll of summoning
 E - a scroll of fog
 P - 10 scrolls of remove curse
 W - 3 scrolls of fear
Potions
 j - a potion of agility
 F - 3 potions of berserk rage
 I - a potion of experience
 K - 3 potions of brilliance
 T - a potion of flight
 Y - 2 potions of magic
Miscellaneous
 b - a lamp of fire
Comestibles
 f - 12 bread rations
 g - 6 royal jellies
 q - 3 meat rations
 O - a fruit


   Skills:
 + Level 12.9(11.7) Fighting
 + Level 17.9(16.5) Long Blades
 + Level 1.9(1.0) Throwing
 + Level 12.1(11.0) Armour
 + Level 6.9(5.9) Dodging
 + Level 3.7(2.8) Stealth
 + Level 0.5(0.0) Shields
 + Level 2.5(1.6) Invocations


You had 14 spell levels left.
You didn't know any spells.

Dungeon Overview and Level Annotations

Branches:
Dungeon (15/15)            Temple (1/1) D:6            Lair (6/6) D:11
  Swamp (2/4) Lair:3        Snake (0/4) Lair:4        Slime (0/5) Lair:6
    Orc (2/2) D:11            Elf (0/3) Orc:2        Vaults (0/5) D:14
 Depths (0/5) D:15

Altars:
Ashenzari
Cheibriados
Dithmenos
Elyvilon
Fedhas
Gozag
Hepliaklqana
Kikubaaqudgha
Makhleb
Nemelex Xobeh
Okawaru
Qazlal
Ru
Sif Muna
Trog
Uskayaw
Vehumet
Xom
Yredelemnul
Zin
The Shining One
Beogh

Shops:
D:8 %   Orc:2 ([:%*

Annotations:
Lair:1 exclusion: 3 oklob plants


Innate Abilities, Weirdness & Mutations

You have a pair of small horns on your head.
You are completely covered in slimy green scales. (AC +4, rPois)
A demonic guardian rushes to your aid.
When hurt, damage is shared between your health and your magic reserves.
You regenerate magic rapidly.
You have sharp fingernails.
You have supernaturally acute eyesight. (SInv)


Message History

You slash the fire giant!
The fire giant is almost dead.
You are covered in liquid flames!
* * * LOW HITPOINT WARNING * * *
Your sixfirhy hits the deep elf knight.
Your sixfirhy shocks the deep elf knight!
Your sixfirhy hits the deep elf knight!
Your sixfirhy shocks the deep elf knight!
The deep elf knight blocks your sixfirhy's attack.
The deep elf mage barely misses you.
You riposte.
You slice the deep elf mage!!
Your triple sword "Veecid" yawns loudly.
You kill the deep elf mage!
That felt strangely unrewarding.
Your sixfirhy closely misses the deep elf knight.
The deep elf knight completely misses your sixfirhy.
The deep elf mage gestures at you while chanting.
The bolt of fire hits you!
* * * LOW HITPOINT WARNING * * *
The tree smoulders and burns.
The titan hits you.
You die...

♣♣ ≈ ♣ ♣≈ ≈♣≈ ≈♣
♣≈♣ ♣≈♣♣♣≈♣ .
§.♣♣.≈♣.§♣ ≈..
E.♣≈≈..♣
..≈.♣♣♣e≈≈≈.♣♣♣♣♣
..≈..≈e§♣≈♣≈≈.≈..
♣≈..≈.§3§C.3e≈...
♣♣≈♣.≈≈♣C@♣C♣.♣≈
♣♣♣♣♣♣§♣ ♣♣♣


You could see a titan, a fire giant, a deep elf knight, a deep elf mage and 2
friendly sixfirhies.

Vanquished Creatures
  Saint Roka (Orc:2)
  Rupert (Orc:2)
  A thorn hunter (Swamp:1)
  3 very ugly things (Swamp:2)
  Snorg (Orc:1)
  A fire dragon (Lair:2)
  A minotaur (Lab)
  A yaktaur captain (D:15)
  A great orb of eyes (Lair:6)
  3 vault guards (D:14)
  6 hydras
  4 catoblepae
  2 centaur warriors (D:15)
  6 death yaks (Lair:6)
  10 two-headed ogres
  7 orc high priests (Orc:2)
  A queen ant (Lair:3)
  Urug (Lair:5)
  The ghost of Zedayar the Grappler, a novice TrBe of Trog (Lair:1)
  A deep elf knight (Swamp:2)
  A swamp dragon (Swamp:1)
  A wizard (D:14)
  3 unseen horrors
  A shambling mangrove (Swamp:1)
  A naga ritualist (Lair:4)
  An orc knight (D:14)
  A deep elf mage (Swamp:2)
  An oklob plant (Lair:1)
  An orc sorcerer (Orc:1)
  4 cyclopes
  4 ugly things
  4 manticores
  4 centaur zombies
  6 black mambas
  A torpor snail (Lair:3)
  11 spiny frogs
  A vault sentinel (D:14)
  2 efreet
  9 komodo dragons
  2 rime drakes (Lair:4)
  2 trolls (Orc:1)
  A polar bear (Lair:4)
  2 tyrant leeches
  A wolf spider simulacrum (D:15)
  9 blink frogs
  11 hippogriffs
  6 bog bodies (Swamp:1)
  12 slime creatures
  A centaur simulacrum (D:14)
  5 shadows
  A vampire (D:14)
  A water elemental (D:14)
  3 wyverns
  41 yaks
  2 wraiths
  2 basilisks
  8 hungry ghosts
  4 nagas (Lair:4)
  10 wargs
  6 swamp worms (Swamp:1)
  14 water moccasins
  3 soldier ants (Lair:3)
  An acid dragon (D:12)
  A hornet zombie (D:14)
  10 porcupines
  A swamp drake (Swamp:1)
  A sky beast (D:14)
  5 black bears
  17 orc warriors
  3 ice beasts
  A phantom (D:7)
  18 ogres
  4 boggarts (Lair:4)
  A necrophage (D:8)
  5 wolves (Lair:4)
  10 centaurs
  10 crocodiles
  A big kobold (D:11)
  21 bullfrogs
  A water moccasin zombie (D:7)
  A scorpion (D:4)
  A wyvern skeleton (D:10)
  A wyvern zombie (D:14)
  A water moccasin skeleton (D:10)
  3 troll zombies (Swamp:1)
  An electric eel (Lair:3)
  A howler monkey (D:10)
  7 crimson imps
  A bullfrog zombie (D:8)
  7 hounds
  A quasit (D:12)
  6 jellies
  2 centaur skeletons
  24 orc priests
  A gnoll shaman (D:8)
  8 orc wizards
  Crazy Yiuf (D:2)
  Jessica (D:2)
  2 bullfrog skeletons
  23 worker ants
  A killer bee zombie (D:6)
  A hound zombie (D:6)
  2 hound skeletons (D:7)
  A worker ant zombie (D:10)
  15 adders
  6 gnolls
  5 shadow imps
  7 oozes
  5 worms
  3 dart slugs
  8 leopard geckos
  75 orcs
  10 giant cockroaches
  7 goblins
  7 hobgoblins
  10 jackals
  9 kobolds
  4 quokkas
  A ball python (D:3)
  4 bats
  11 frilled lizards
  A leopard gecko zombie (D:6)
  A quokka zombie (D:6)
  4 rats
  A fungus (Lair:4)
660 creatures vanquished.

Vanquished Creatures (collateral kills)
  Aizul (Swamp:1)
  A hydra (Lair:6)
  A vault guard (D:14)
  A centaur warrior (D:14)
  2 ogre magi
  3 two-headed ogres
  3 death yaks (Lair:6)
  Sonja (D:11)
  Nergalle (Orc:1)
  An unseen horror (D:12)
  Pikel (D:4)
  An orc knight (Orc:1)
  A cyclops (D:11)
  2 ugly things
  2 manticores (D:12)
  3 elephants (Lair:6)
  2 centaur zombies
  A black mamba (Lair:6)
  A spiny frog (Lair:6)
  A komodo dragon (D:13)
  A hornet (D:10)
  A bog body (Swamp:2)
  3 hippogriffs
  Prince Ribbit (D:7)
  5 blink frogs
  4 slime creatures
  A wyvern (D:14)
  4 yaks
  A basilisk (D:14)
  4 soldier ants (Lair:3)
  2 wargs
  A water moccasin (Lair:1)
  6 orc warriors
  4 slaves (D:4)
  6 centaurs
  2 bullfrogs
  A scorpion (D:11)
  A howler monkey (D:11)
  A crimson imp (D:15)
  A bullfrog skeleton (D:12)
  A jelly (Swamp:2)
  6 orc priests (Orc:2)
  A centaur skeleton (D:4)
  A gnoll shaman (D:4)
  An iguana (D:11)
  An orc wizard (Orc:2)
  3 worker ants (Lair:3)
  3 gnolls (D:4)
  13 orcs
  2 giant cockroaches (D:2)
112 creatures vanquished.

Vanquished Creatures (others)
  A tengu conjurer (D:11)
  A polar bear (Lair:6)
  A blink frog (Lair:6)
  2 slime creatures (Swamp:2)
  An orc (Orc:1)
  7 fungi
  20 plants
33 creatures vanquished.

Grand Total: 805 creatures vanquished

Notes
Turn   | Place    | Note
-------+----------+-------------------------------------------
     0 | D:1      | vineage the Demonspawn Gladiator began the quest for the Orb.
     0 | D:1      | Reached XP level 1. HP: 16/16 MP: 1/1
   420 | D:1      | Gained mutation: A weak demonic guardian rushes to your aid. [demonic ancestry]
   420 | D:1      | Reached XP level 2. HP: 19/22 MP: 2/2
   562 | D:1      | Reached skill level 3 in Long Blades
   749 | D:1      | Reached XP level 3. HP: 24/27 MP: 3/3
  1376 | D:2      | Reached skill level 1 in Armour
  1397 | D:2      | Gained mutation: You are partially covered in slimy green scales. (AC +2) [demonic ancestry]
  1397 | D:2      | Reached XP level 4. HP: 20/33 MP: 4/4
  1906 | D:2      | Found a runed door.
  1950 | D:2      | Noticed Crazy Yiuf
  1955 | D:2      | Killed Crazy Yiuf
  1955 | D:2      | Reached skill level 4 in Long Blades
  2343 | D:2      | Gained mutation: You are mostly covered in slimy green scales. (AC +3) [demonic ancestry]
  2343 | D:2      | Reached XP level 5. HP: 37/39 MP: 5/5
  2358 | D:2      | Noticed Jessica
  2363 | D:2      | Killed Jessica
  2458 | D:3      | Found a bloodstained altar of Trog.
  2824 | D:3      | Found a shadowy altar of Dithmenos.
  3094 | D:4      | Gained mutation: A demonic guardian rushes to your aid. [demonic ancestry]
  3094 | D:4      | Reached XP level 6. HP: 44/46 MP: 6/6
  3195 | D:4      | Noticed a slave
  3198 | D:4      | Noticed Pikel
  3200 | D:4      | Reached skill level 5 in Long Blades
  3201 | D:4      | Noticed a slave
  3203 | D:4      | Noticed a slave
  3203 | D:4      | Noticed a slave
  3207 | D:4      | Killed a slave
  3212 | D:4      | Killed a slave
  3216 | D:4      | Killed a slave
  3223 | D:4      | Killed Pikel
  3223 | D:4      | Reached XP level 7. HP: 50/52 MP: 7/7
  3564 | D:4      | Reached skill level 6 in Long Blades
  4025 | D:5      | Entered Level 5 of the Dungeon
  4065 | D:5      | Found a shattered altar of Ashenzari.
  4489 | D:6      | Found a staircase to the Ecumenical Temple.
  4498 | Temple   | Entered the Ecumenical Temple
  4593 | Temple   | Became a worshipper of Warmaster Okawaru
  5465 | D:7      | Gained mutation: When hurt, damage is shared between your health and your magic reserves. [demonic ancestry]
  5465 | D:7      | Reached XP level 8. HP: 60/60 MP: 8/8
  5608 | D:7      | Noticed Prince Ribbit
  5617 | D:7      | Killed Prince Ribbit
  5617 | D:7      | Reached * piety under Okawaru
  5617 | D:7      | Reached skill level 7 in Long Blades
  5637 | D:7      | Found a radiant altar of Vehumet.
  5777 | D:7      | Found a burning altar of Makhleb.
  6451 | D:7      | Reached skill level 8 in Long Blades
  6587 | D:8      | Found Buba's Food Shoppe.
  6684 | D:8      | Found a hazy altar of Hepliaklqana.
  6806 | D:8      | Gained mutation: You have a pair of small horns on your head. [demonic ancestry]
  6806 | D:8      | Reached XP level 9. HP: 47/67 MP: 7/9
  6843 | D:8      | Reached ** piety under Okawaru
  7229 | D:8      | Reached skill level 5 in Armour
  7297 | D:8      | Reached skill level 5 in Fighting
  7449 | D:8      | Noticed a two-headed ogre
  7460 | D:8      | Killed a two-headed ogre
  7460 | D:8      | Reached skill level 9 in Long Blades
  8236 | D:9      | Reached *** piety under Okawaru
  8469 | D:9      | Noticed a two-headed ogre
  8479 | D:9      | Killed a two-headed ogre
  8479 | D:9      | Reached **** piety under Okawaru
  8649 | D:9      | Reached XP level 10. HP: 62/76 MP: 7/10
  8651 | D:9      | Noticed a two-headed ogre
  8671 | D:9      | Killed a two-headed ogre
  8671 | D:9      | Reached skill level 10 in Long Blades
  8995 | D:9      | Found an opulent altar of Gozag.
  9045 | D:10     | Entered Level 10 of the Dungeon
  9056 | D:10     | Noticed a two-headed ogre
  9071 | D:10     | Killed a two-headed ogre
  9710 | D:10     | Got an amethyst-encrusted scale mail
  9790 | D:10     | Identified the +5 scale mail of Ru's Whim {rN+} (You found it on level 10 of the Dungeon)
  9861 | D:10     | Reached ***** piety under Okawaru
 10312 | D:11     | Noticed Sonja
 10324 | D:11     | Killed Sonja
 10450 | D:11     | Found a staircase to the Orcish Mines.
 10549 | D:11     | Found a roughly hewn altar of Beogh.
 10736 | D:11     | Reached skill level 11 in Long Blades
 10793 | D:11     | Noticed a cyclops
 10821 | D:11     | Killed a cyclops
 11095 | D:11     | Received a gift from Okawaru
 11450 | D:11     | Reached skill level 1 in Stealth
 11450 | D:11     | Reached XP level 11. HP: 80/84 MP: 9/11
 11524 | D:11     | Gained mutation: You are clumsy. (Dex -2) [potion of mutation]
 11524 | D:11     | Gained mutation: You are completely covered in slimy green scales. (AC +4, rPois) [potion of mutation]
 11524 | D:11     | Gained mutation: Scrolls take you a little longer to read. [potion of mutation]
 11524 | D:11     | Gained mutation: You have large cloven feet. [potion of mutation]
 11553 | D:11     | Killed an unseen horror
 11553 | D:11     | Reached skill level 1 in Invocations
 11804 | D:11     | Found a staircase to the Lair.
 11822 | D:11     | Noticed a cyan ugly thing
 11831 | D:11     | Killed a cyan ugly thing
 13546 | D:12     | Noticed a two-headed ogre
 13551 | D:12     | Killed an unseen horror
 13553 | D:12     | Killed a two-headed ogre
 13724 | D:12     | Reached skill level 5 in Dodging
 14607 | D:13     | Received a gift from Okawaru
 14610 | D:13     | Got a pair of scorched gloves {god gift}
 14621 | D:13     | Identified the +2 pair of gloves of Dice, Bag, and Bottle {Int+4 Dex+2} (Okawaru gifted it to you on level 13 of the Dungeon)
 14905 | D:13     | Noticed a catoblepas
 14949 | D:13     | Killed a catoblepas
 15011 | D:13     | Reached skill level 12 in Long Blades
 15128 | D:13     | Noticed a cyan ugly thing
 15140 | D:13     | Reached ****** piety under Okawaru
 15158 | D:13     | Killed a cyan ugly thing
 15371 | D:13     | Noticed a green ugly thing
 15380 | D:13     | Killed a green ugly thing
 15431 | D:13     | Noticed a two-headed ogre
 15456 | D:13     | Killed a two-headed ogre
 15456 | D:13     | Reached XP level 12. HP: 93/94 MP: 13/13
 15747 | D:13     | Found a sparkling altar of Nemelex Xobeh.
 15771 | D:13     | Noticed a two-headed ogre
 15773 | D:13     | Killed a two-headed ogre
 16102 | D:14     | Reached skill level 10 in Armour
 16553 | D:14     | Received a gift from Okawaru
 16565 | D:14     | Got a warped great sword {god gift}
 16576 | D:14     | Identified the +3 great sword of Upreupt {slice, Int+6} (Okawaru gifted it to you on level 14 of the Dungeon)
 16922 | D:14     | Noticed a centaur warrior
 16931 | D:14     | Killed a centaur warrior
 17262 | D:14     | Noticed a vault guard
 17269 | D:14     | Noticed a vault guard
 17272 | D:14     | Noticed a vault guard
 17272 | D:14     | Noticed a vault guard
 17333 | D:14     | Killed a vault guard
 17346 | D:14     | Killed a vault guard
 17346 | D:14     | Reached skill level 13 in Long Blades
 17361 | D:14     | Killed a vault guard
 17361 | D:14     | Received a gift from Okawaru
 17362 | D:14     | Got an ancient triple sword {god gift}
 17376 | D:14     | Identified the +2 triple sword of Growth {vamp, Str+3} (Okawaru gifted it to you on level 14 of the Dungeon)
 17574 | D:14     | Lost mutation: You have large cloven feet. [potion of mutation]
 17574 | D:14     | Lost mutation: Scrolls take you a little longer to read. [potion of mutation]
 17574 | D:14     | Lost mutation: You are clumsy. (Dex -2) [potion of mutation]
 17574 | D:14     | Lost mutation: You are completely covered in slimy green scales. (AC +4, rPois) [potion of mutation]
 17574 | D:14     | Gained mutation: You have sharp toenails. [potion of mutation]
 17574 | D:14     | Gained mutation: You are resistant to electric shocks. (rElec) [potion of mutation]
 17575 | D:14     | Lost mutation: You are resistant to electric shocks. (rElec) [potion of mutation]
 17575 | D:14     | Lost mutation: You have sharp toenails. [potion of mutation]
 17575 | D:14     | Gained mutation: You have sharp fingernails. [potion of mutation]
 17575 | D:14     | Gained mutation: You have supernaturally acute eyesight. (SInv) [potion of mutation]
 17834 | D:14     | Found a gate to the Vaults.
 17840 | D:14     | Killed a vault guard
 17869 | D:15     | Entered Level 15 of the Dungeon
 17869 | D:15     | Noticed a centaur warrior
 17875 | D:15     | Killed a centaur warrior
 17892 | D:15     | Found a radiant altar of Vehumet.
 18132 | D:15     | Found a staircase to the Depths.
 18132 | D:15     | Noticed a yaktaur captain
 18137 | D:15     | Killed a yaktaur captain
 18143 | D:15     | Noticed a centaur warrior
 18146 | D:15     | Killed a centaur warrior
 18146 | D:15     | Received a gift from Okawaru
 18146 | D:15     | Reached XP level 13. HP: 103/103 MP: 12/14
 18196 | D:15     | Reached skill level 10 in Fighting
 18297 | D:15     | Reached skill level 14 in Long Blades
 19362 | Orc:1    | Entered Level 1 of the Orcish Mines
 19458 | Orc:1    | Noticed Nergalle
 19472 | Orc:1    | Killed Nergalle
 19472 | Orc:1    | Received a gift from Okawaru
 19894 | Orc:2    | Entered Level 2 of the Orcish Mines
 19894 | Orc:2    | Found a staircase to the Elven Halls.
 19894 | Orc:2    | Noticed Snorg
 19913 | Orc:1    | Killed Snorg
 20181 | Orc:2    | Found Mal Geci's Assorted Antiques.
 20189 | Orc:2    | Bought a potion of curing for 84 gold pieces
 20189 | Orc:2    | Bought a scroll of teleportation for 84 gold pieces
 20234 | Orc:2    | Noticed Rupert
 20250 | Orc:2    | Killed Rupert
 20310 | Orc:2    | Found Ewaok's Food Boutique.
 20611 | Orc:2    | Found Fotize's Book Shoppe.
 20678 | Orc:2    | Reached skill level 15 in Long Blades
 20813 | Orc:2    | Found Vibovo's Armour Boutique.
 20813 | Orc:2    | Found Fadiqol's Antique Weapon Shoppe.
 20819 | Orc:2    | Found a roughly hewn altar of Beogh.
 20954 | Orc:2    | Noticed Saint Roka
 21006 | Orc:2    | Killed Saint Roka
 21006 | Orc:2    | Received a gift from Okawaru
 21006 | Orc:2    | Gained mutation: You are completely covered in slimy green scales. (AC +4, rPois) [demonic ancestry]
 21006 | Orc:2    | Reached XP level 14. HP: 86/111 MP: 8/15
 21614 | Lair:1   | Entered Level 1 of the Lair of Beasts
 21825 | Lair:1   | Noticed Zedayar's ghost (novice TrBe)
 21845 | Lair:1   | Killed Zedayar's ghost
 22627 | Lair:2   | Received a gift from Okawaru
 22629 | Lair:2   | Got a spiked chain mail {god gift}
 22665 | Lair:2   | Identified the +0 chain mail of Courage {+Inv Str+7 Dex-4} (Okawaru gifted it to you on level 2 of the Lair of Beasts)
 23772 | Lair:2   | Reached skill level 16 in Long Blades
 24067 | Lair:3   | Found a staircase to the Swamp.
 25262 | Lair:4   | Found a labyrinth entrance.
 25277 | Lab      | Entered a labyrinth
 26763 | Lab      | Got a bloodstained triple sword {slice}
 26815 | Lab      | Identified the +9 triple sword "Veecid" {slice, *Noise rElec MR+ Str+3} (You took it off a minotaur in a labyrinth)
 26819 | Lab      | Got a smoking plate armour
 26830 | Lab      | Identified the +10 plate armour "Liyt" {rC+ Stlth+} (You took it off a minotaur in a labyrinth)
 26831 | Lab      | Identified Sif Muna's Volume of Evil Changing
 26878 | Lair:4   | Received a gift from Okawaru
 26883 | Lair:4   | Got a steaming triple sword {god gift}
 26902 | Lair:4   | Identified the +6 triple sword "Zouraruk" {venom, *Drain rPois Dex+5} (Okawaru gifted it to you on level 4 of the Lair of Beasts)
 26911 | Lair:4   | Found a staircase to the Snake Pit.
 28331 | Lair:5   | Noticed Urug
 28339 | Lair:5   | Killed Urug
 28627 | Lair:6   | Entered Level 6 of the Lair of Beasts
 28642 | Lair:6   | Gained mutation: You regenerate magic rapidly. [demonic ancestry]
 28642 | Lair:6   | Reached XP level 15. HP: 115/120 MP: 14/16
 29038 | Lair:6   | Received a gift from Okawaru
 29231 | Lair:6   | Reached skill level 17 in Long Blades
 29458 | Lair:6   | Found a staircase to the Slime Pits.
 29971 | Lair:6   | Got a bloodstained plate armour
 29991 | Lair:6   | Identified the cursed +1 plate armour of Failure {rPois Int+2 Dex-3} (You found it on level 6 of the Lair of Beasts)
 30101 | Lair:6   | Received a gift from Okawaru
 30508 | Swamp:1  | Entered Level 1 of the Swamp
 30817 | Swamp:1  | Noticed a thorn hunter
 30829 | Swamp:1  | Killed a thorn hunter
 30882 | Swamp:1  | Noticed Aizul
 30895 | Swamp:1  | Killed Aizul
 31395 | Swamp:2  | HP: 2/122 [slime creature (9)]
 31400 | Swamp:2  | Was placed under penance by Okawaru
 31585 | Swamp:2  | Noticed a fire giant
 31585 | Swamp:2  | Noticed a titan
 31592 | Swamp:2  | HP: 1/122 [something/bolt of fire[the fury of Okawaru] (12)]
 31592 | Swamp:2  | Slain by a titan

Skill      XL: |  1  2  3  4  5  6  7  8  9 10 11 12 13 14 15 |
---------------+----------------------------------------------+-----
Long Blades    | 3 4 5 6 8 9 11 12 13 15 16 17 | 17.9
Dodging        | 3 4 5 6 |  6.9
Armour         | 1 2 3 4 6 8 9 10 11 12 | 12.1
Fighting       | 3 4 6 7 8 9 10 12 | 12.9
Stealth        | 1 2 3 |  3.7
Invocations    | 1 2 |  2.5
Throwing       | |  1.9
Shields        | |  0.5

Action                   |  1- 3 |  4- 6 |  7- 9 | 10-12 | 13-15 || total
-------------------------+-------+-------+-------+-------+-------++-------
Melee: Long sword        |    91 |   200 |   515 |   150 |       ||   956
       Headbutt          |       |       |    39 |   173 |   343 ||   555
       Falchion          |       |       |       |   451 |       ||   451
       Great sword       |       |       |       |    47 |       ||    47
       Triple sword      |       |       |       |    45 |  1096 ||  1141
Invok: Heroism           |       |       |     1 |     5 |     4 ||    10
       Finesse           |       |       |       |     2 |     2 ||     4
  Use: Scroll            |       |     3 |     4 |    12 |    13 ||    32
       Potion            |       |       |       |    20 |    11 ||    31
 Stab: Sleeping          |     1 |       |       |       |     1 ||     2
       Distracted        |       |       |       |     2 |     3 ||     5
  Eat: Chunk             |     1 |     7 |    16 |    14 |    31 ||    69
       Fruit             |       |       |     2 |     6 |    16 ||    24
       Meat ration       |       |       |       |     3 |     2 ||     5
       Royal jelly       |       |       |       |     3 |       ||     3
Armor: Leather armour    |    20 |    52 |       |       |       ||    72
       Plate armour      |       |    43 |   380 |    92 |   447 ||   962
       Scale mail        |       |       |       |   414 |   274 ||   688
       Skin              |       |       |       |    25 |       ||    25
       Chain mail        |       |       |       |       |   138 ||   138
Dodge: Dodged            |    61 |   146 |   187 |   384 |   824 ||  1602
Block: Buckler           |       |       |       |     4 |       ||     4
       Rpst.: Long sword |    22 |    47 |    52 |    12 |       ||   133
       Falchion          |       |       |       |    57 |       ||    57
       Great sword       |       |       |       |    13 |       ||    13
       Triple sword      |       |       |       |     9 |   177 ||   186
